 Dungeon Crawl Stone Soup version 0.29.1-15-g9cfb28693d (webtiles) character file.

Game seed: 12587878043710952411

40 ChiefBigBeans the Stinger (level 3, -4/26 HPs)
             Began as a Merfolk Venom Mage on Feb 23, 2023.
             Slain by an orc
             ... wielding a +0 mace
              (6 damage)
             ... on level 3 of the Dungeon.
             The game lasted 00:07:55 (2111 turns).

ChiefBigBeans the Stinger (Merfolk Venom Mage)      Turns: 2111, Time: 00:07:56

Health: -4/26      AC:  4    Str:  8    XL:     3   Next: 50%
Magic:  6/6        EV: 13    Int: 14    God:
Gold:   98         SH:  0    Dex: 16    Spells: 5/6 levels left

rFire   . . .      SeeInvis .   e - +0 short sword
rCold   . . .      Faith    +   (no shield)
rNeg    . . .      Spirit   .   a - +0 robe
rPois   .          Reflect  .   (no helmet)
rElec   .          Harm     .   m - +0 cloak
rCorr   .          Rampage  .   (no gloves)
Will    .....                   n - +0 pair of boots
Stlth   ++........              g - amulet of faith
HPRegen 0.08/turn               (no ring)
MPRegen 0.10/turn               (no ring)

@: no status effects
A: (nimble swimmer 2), mertail
a: no special abilities


You were on level 3 of the Dungeon.
You visited 1 branch of the dungeon, and saw 3 of its levels.

You collected 98 gold pieces.

Inventory:

Hand Weapons
 d - a +0 falchion
 e - a +0 short sword (weapon)
Missiles
 i - 2 throwing nets
Armour
 a - a +0 robe (worn)
 m - a +0 cloak (worn)
 n - a +0 pair of boots (worn)
Jewellery
 g - an amulet of faith (around neck)
 l - a +4 ring of protection
Scrolls
 c - 3 scrolls of identify {unknown}
 f - a scroll of amnesia {unknown}
 p - a scroll of enchant armour {unknown}
 q - a scroll of fear {unknown}
Potions
 b - 2 potions of magic
 h - a potion of curing
 j - a potion of brilliance {unknown}
 k - a potion of heal wounds {unknown}
 o - 2 potions of attraction {unknown}


   Skills:
 + Level 1.0 Fighting
 + Level 1.0 Short Blades
 + Level 3.2 Dodging
 + Level 2.6 Stealth
 + Level 2.3 Spellcasting
 - Level 1.6 Transmutations
 + Level 3.6 Poison Magic


You had 5 spell levels left.
You knew the following spells:

 Your Spells              Type           Power      Damage    Failure   Level
a - Sting                 Tmut/Pois      32%        1d4       8%          1

Your spell library contained the following spells:

 Spells                   Type           Power      Damage    Failure   Level
 Poisonous Vapours        Pois/Air       12%        N/A       17%         2
 Sandblast                Erth           2%         2d4       24%         1
 Passwall                 Tmut/Erth      2%         N/A       26%         2
 Mephitic Cloud           Conj/Pois/Air  4%         N/A       38%         3
 Olgreb's Toxic Radiance  Pois           11%        N/A       45%         4
 Stone Arrow              Conj/Erth      2%         3d7       56%         3


Dungeon Overview and Level Annotations

Branches:
Dungeon (3/15)

Altars:
Zin

Shops:
D:1 [


Innate Abilities, Weirdness & Mutations

((You are very nimble when in or above water. (Stealth+, EV+, Speed+++)))
Your lower body shifts to a powerful aquatic tail in water.


Message History

The orc is severely wounded.
You hit the orc wizard.
The orc wizard is moderately wounded.
The orc wizard closely misses you. The orc misses you.
The orc hits you but does no damage.
You hit the orc wizard.
The orc wizard is moderately wounded.
The orc wizard hits you with a +0 dagger.
The orc hits you with a +0 flail. The orc hits you with a +0 mace.
* * * LOW HITPOINT WARNING * * *
You hit the orc wizard but do no damage.
The orc wizard is moderately wounded.
The orc wizard barely misses you. The orc hits you but does no damage.
The orc closely misses you.
You hit the orc wizard but do no damage.
The orc wizard is moderately wounded.
The orc wizard completely misses you. The orc closely misses you. x2
It was a potion of curing.
You feel better. The orc wizard closely misses you. The orc closely misses you.
The orc barely misses you.
You hit the orc but do no damage.
The orc is severely wounded.
The orc wizard hits you but does no damage.
The orc hits you with a +0 flail.
* * * LOW HITPOINT WARNING * * *
The orc hits you with a +0 mace.
* * * LOW HITPOINT WARNING * * *
An orc wizard comes into view.
It is wielding a +0 dagger of venom and wearing a +2 robe of positive energy.
You hit the orc.
You kill the orc!
The orc wizard closely misses you. The orc closely misses you.
The orc wizard hits you but does no damage.
Things that are here:
a +0 flail; a +0 ring mail; an orc corpse The orc wizard attacks as you move away!
The orc wizard hits you with a +0 dagger.
* * * LOW HITPOINT WARNING * * *
The orc barely misses you. The orc attacks as you move away!
The orc hits you but does no damage. The orc hits you with a +0 mace.
You die...

..# #.# #.# #.# #(#
#######.## #........#
##.#####..#
##o@.####..###### #.
##.oo..##.<.......
#...#.))....##..######
#....._.......#
#..#.......#...#
##.##.....####.# #
##...## .# ##.## .#
#.# .#


You could see 2 orc wizards and an orc.

Vanquished Creatures
  A dart slug (D:1)
  2 orcs (D:3)
  4 ball pythons
  2 bats (D:1)
  2 endoplasms
  2 giant cockroaches (D:1)
  3 hobgoblins
  6 kobolds
  4 frilled lizards (D:1)
  5 goblins
  3 rats
34 creatures vanquished.

Notes
Turn   | Place    | Note
-------+----------+-------------------------------------------
     0 | D:1      | ChiefBigBeans the Merfolk Venom Mage began the quest for
                  | the Orb.
     0 | D:1      | Reached XP level 1. HP: 13/13 MP: 3/3
   119 | D:1      | Reached XP level 2. HP: 17/19 MP: 3/5
   152 | D:1      | Found Zuaggaz's Antique Armour Boutique.
   604 | D:1      | You fall into a shaft and drop 1 floor!
  1056 | D:1      | Reached XP level 3. HP: 25/25 MP: 6/6
  1770 | D:2      | Reached skill level 1 in Short Blades
  2084 | D:3      | Found a glowing silver altar of Zin.
  2099 | D:3      | Reached skill level 1 in Fighting
  2111 | D:3      | Slain by an orc

Illustrated notes

Levels and vault maps discovered:
D:1:      dpeg_arrival_castle, layout_basic, serial_shops, shop,
          minmay_box_of_dots
D:2:      layout_loops_ring
D:3:      layout_loops_ring, lemuel_round_altar, uniq_terence

Skill      XL: |  1  2  3 |
---------------+----------+-----
Dodging        | 3 |  3.2
Short Blades   | 1 |  1.0
Fighting       | 1 |  1.0
Stealth        | |  2.6
Spellcasting   | |  2.3
Transmutations | |  1.6
Poison Magic   | |  3.6

Action                   || total
-------------------------++-------
Melee: Short sword       ||    50
       Unarmed           ||     2
 Cast: Sting             ||    28
  Use: Potion            ||     1
 Stab: Sleeping          ||     3
Armor: Robe              ||    13
Dodge: Dodged            ||    40
